[Event "fics rated crazyhouse match"]
[Site "fics, Oklahoma City, OK USA"]
[Date "2000.09.26"]
[White "Sunsetter"]
[WhiteElo "2287"]
[Black "LSS"]
[BlackElo "2416"]
[TimeControl "180+0"]
[Result "0-1"]

1. Nf3 e6 2. d4 d5 3. Bg5 Be7 4. Bxe7 Nxe7 5. B@h4 O-O 6. Nbd2 
f6 7. e4 Nbc6 8. exd5 exd5 9. P@e5 Ng6 10. exf6 Nxh4 11. Nxh4 Qxf6 
12. Ndf3 B@a5+ 13. c3 P@e4 14. P@g5 Qe7 15. N@g6 hxg6 16. Nxg6 exf3+ 17. Nxe7+ 
Nxe7 18. P@h7+ Kxh7 19. gxf3 B@g6 20. Q@e2 Nc6 21. P@e7 Re8 22. b4 Bb6 
23. b5 Nxe7 24. f4 Bcf5 25. Rc1 Ng8 26. Qxe8 Rxe8+ 27. R@e5 Rxe5+ 28. fxe5 
N@f4 29. R@h4+ N@h5 30. Rxf4 Nxf4 31. N@f8+ Kh8 32. Nxg6+ Bxg6 33. B@f3 P@e4 
34. Bg4 N@g2+ 35. Bxg2 Nxg2+ 36. Kf1 Nf4 37. N@e3 B@c4+ 38. Be2 Bxe2+ 39. Qxe2 
B@d3 40. Qxd3 exd3 41. B@g4 P@e2+ 42. Kg1 N@h3+ 43. Bxh3 Nxh3+ 44. Kg2 Nf4+ 
45. Kg1 R@f1+ 46. Nxf1 exf1=Q+ 47. Kxf1 P@e2+ 48. Kg1 N@f3# 
{Sunsetter checkmated} 0-1

[Event "fics rated crazyhouse match"]
[Site "fics, Oklahoma City, OK USA"]
[Date "2000.09.26"]
[White "LSS"]
[WhiteElo "2421"]
[Black "Sunsetter"]
[BlackElo "2282"]
[TimeControl "180+0"]
[Result "0-1"]

1. e4 Nf6 2. Nc3 d5 3. exd5 Nxd5 4. Nxd5 Qxd5 5. Nf3 Bg4 6. Be2 
N@f4 7. Rg1 Nxe2 8. Qxe2 P@e4 9. N@b5 Na6 10. N@e3 exf3 11. gxf3 Bxf3 
12. Nxd5 Bxd5 13. Nd4 N@f4 14. Qxa6 N@g2+ 15. Kd1 B@g4+ 16. Q@e2 Nxe2 17. P@d7+ 
Kxd7 18. N@e5+ Ke8 19. P@d7+ Kd8 20. Qxe2 Bxe2+ 21. Nxe2 P@f3 22. Nxf3 Bxf3 
23. B@b5 N@g4 24. N@h3 Q@c5 25. Bd3 Nxf2+ 26. Nxf2 Qxf2 27. c3 Qxg1# 
{LSS resigns} 0-1

[Event "fics rated crazyhouse match"]
[Site "fics, Oklahoma City, OK USA"]
[Date "2000.09.26"]
[White "Sunsetter"]
[WhiteElo "2293"]
[Black "LSS"]
[BlackElo "2410"]
[TimeControl "180+0"]
[Result "1-0"]

1. Nf3 e6 2. d4 d5 3. Nc3 Nf6 4. Bg5 Be7 5. Bxf6 Bxf6 6. N@h5 
Rg8 7. Nxf6+ gxf6 8. e3 Nc6 9. B@b5 Bd7 10. e4 B@b4 11. Bxc6 Bxc6 
12. N@h6 Rg6 13. Nxf7 Kxf7 14. P@f5 exf5 15. exf5 Rg8 16. P@e5 N@e4 17. exf6 
Qxf6 18. Ne5+ Ke7 19. Nxc6+ bxc6 20. B@c5+ B@d6 21. P@e5 Qxf5 22. exd6+ cxd6 
23. Bxd6+ Bxd6 24. Nxe4 Qxe4+ 25. N@e3 B@a5+ 26. B@d2 Bb6 27. Bd3 Qe6 28. P@c5 
Bdc7 29. cxb6 axb6 30. Bxh7 Rxg2 31. B@f5 Rxf2 32. Bxe6 Rf6 33. Q@d7+ Kf8 
34. P@g7# 
{LSS checkmated} 1-0

[Event "fics rated crazyhouse match"]
[Site "fics, Oklahoma City, OK USA"]
[Date "2000.09.26"]
[White "Sunsetter"]
[WhiteElo "2314"]
[Black "LSS"]
[BlackElo "2389"]
[TimeControl "180+0"]
[Result "1-0"]

1. d4 e6 2. e4 d5 3. e5 Ne7 4. Be3 Nf5 5. Bd3 Nc6 6. c3 
Be7 7. Bxf5 exf5 8. Nf3 Rg8 9. Nbd2 B@e4 10. Rg1 Be6 11. N@f4 Qd7 
12. Nxe6 Qxe6 13. B@b1 O-O-O 14. Nxe4 fxe4 15. B@h3 Qxh3 16. gxh3 exf3 17. Qxf3 
N@h4 18. Q@a8+ N@b8 19. Qxf7 N@f3+ 20. Kd1 Nxg1 21. P@d7+ Kxd7 22. e6+ Kc8 
23. P@d7+ Rxd7 24. exd7+ Kxd7 25. Qxd5+ R@d6 26. Qxg8 P@e2+ 27. Kd2 Nhf3+ 28. Kc2 
e1=Q 29. R@d3 B@e4 30. R@d1 Bxd3+ 31. Rxd3 Qe2+ 32. Kc1 R@e1+ 33. B@d1 Qxd1+ 
34. Rxd1 Rxd1+ 35. Kxd1 P@e2+ 36. Kc2 e1=Q 37. R@d1 Qxd1+ 38. Kxd1 P@e2+ 39. Kc2 
e1=Q 40. P@e6+ Rxe6 41. Qxe6+ Kxe6 42. d5+ Kf6 43. R@f4+ Kg6 44. Kb3# 
{LSS forfeits on time} 1-0

[Event "fics rated crazyhouse match"]
[Site "fics, Oklahoma City, OK USA"]
[Date "2000.09.26"]
[White "LSS"]
[WhiteElo "2379"]
[Black "Sunsetter"]
[BlackElo "2324"]
[TimeControl "180+0"]
[Result "1-0"]

1. e4 Nf6 2. Nc3 d5 3. e5 d4 4. exf6 dxc3 5. fxg7 cxd2+ 6. Qxd2 
Bxg7 7. Qxd8+ Kxd8 8. Nf3 Q@b4+ 9. Q@d2+ Qxd2+ 10. Nxd2 P@c3 11. bxc3 Bxc3 
12. P@b2 Q@e5+ 13. P@e3 Bxb2 14. N@c4 Bxa1 15. Nxe5 Bxe5 16. Bc4 N@d6 17. Be2 
P@b2 18. Bxb2 Bxb2 19. O-O R@c5 20. Nb3 Rxc2 21. Q@d3 B@f5 22. Qxc2 Bxc2 
23. P@d4 Bxb3 24. axb3 N@d2 25. B@h4 N@g6 26. P@g7 Re8 27. R@h8 Nxf1 28. Rxe8+ 
Nxe8 29. g8=Q R@g7 30. Bxe7+ Kxe7 31. Qxe8+ Kxe8 32. N@f6+ Ke7 33. Q@d8+ Kxd8 
34. R@e8# 
{Sunsetter checkmated} 1-0

[Event "fics rated crazyhouse match"]
[Site "fics, Oklahoma City, OK USA"]
[Date "2000.09.26"]
[White "Sunsetter"]
[WhiteElo "2317"]
[Black "LSS"]
[BlackElo "2386"]
[TimeControl "180+0"]
[Result "0-1"]

1. d4 e6 2. Nf3 Nf6 3. Nc3 d5 4. Bg5 Be7 5. Bxf6 Bxf6 6. N@h5 
Rg8 7. Nxf6+ gxf6 8. e3 Nc6 9. B@b5 B@b4 10. Bxc6+ bxc6 11. Qd2 Bxc3 
12. Qxc3 N@e4 13. Qxc6+ Bd7 14. Qa6 Nxf2 15. N@b7 Nxh1 16. Nxd8 P@f2+ 17. Kd1 
Rxd8 18. Qxa7 B@b4 19. P@d2 N@e4 20. Qxc7 R@e1+ 21. Nxe1 fxe1=Q+ 22. Kxe1 Bxd2+ 
23. Kd1 Nhf2+ 24. Ke2 N@g1# 
{Sunsetter checkmated} 0-1

[Event "fics rated crazyhouse match"]
[Site "fics, Oklahoma City, OK USA"]
[Date "2000.09.26"]
[White "LSS"]
[WhiteElo "2392"]
[Black "Sunsetter"]
[BlackElo "2311"]
[TimeControl "180+0"]
[Result "0-1"]

1. e4 e5 2. Nf3 Nc6 3. Bc4 Bc5 4. O-O Nf6 5. d3 d6 6. Nc3 
Bg4 7. Bxf7+ Kxf7 8. Ng5+ Ke8 9. Qxg4 Nxg4 10. B@h5+ B@g6 11. Bxg4 Qf6 
12. Nd5 Qxf2+ 13. Rxf2 Q@e1# 
{LSS resigns} 0-1

[Event "fics rated crazyhouse match"]
[Site "fics, Oklahoma City, OK USA"]
[Date "2000.09.26"]
[White "Sunsetter"]
[WhiteElo "2321"]
[Black "LSS"]
[BlackElo "2382"]
[TimeControl "180+0"]
[Result "1-0"]

1. e3 e5 2. b3 d5 3. Bb2 Nc6 4. Bb5 Bd6 5. Nf3 f6 6. Nc3 
Ne7 7. Bxc6+ bxc6 8. d4 e4 9. Nd2 B@g6 10. N@h4 O-O 11. Nxg6 Nxg6 
12. Ndxe4 dxe4 13. Nxe4 N@h4 14. B@c4+ Kh8 15. Bf1 Bf5 16. Nxd6 cxd6 17. P@g3 
Nxg2+ 18. Bxg2 d5 19. B@h3 Bxh3 20. Bxh3 N@g5 21. Bg2 P@h3 22. B@f3 hxg2 
23. Bxg2 B@e6 24. P@h4 B@h3 25. Bxh3 N@f3+ 26. Ke2 Bxh3 27. hxg5 Nxg5 28. Kd2 
B@b4+ 29. Kc1 P@a3 30. Bxa3 Bxa3+ 31. P@b2 Bxb2+ 32. Kxb2 P@b4 33. N@e2 Ne4 
34. N@d3 B@c3+ 35. Kb1 Bg4 36. P@b2 Bxe2 37. Qxe2 N@d2+ 38. Kc1 Bxb2+ 39. Kxb2 
P@c3+ 40. Kc1 a5 41. B@h5 a4 42. Bxg6 hxg6 43. N@e6 axb3 44. cxb3 P@b2+ 
45. Nxb2 cxb2+ 46. Kxb2 B@c3+ 47. Kc2 Bxa1 48. Rxa1 Qe7 49. Nf4 R@c3+ 50. Kd1 
Qe8 51. P@e7 Rg8 52. B@e6 Kh7 53. P@f5 gxf5 54. B@g6+ Qxg6 55. Bxg8+ Rxg8 
56. R@h4+ P@h6 57. Nxg6 B@c2+ 58. Kc1 B@a3+ 59. P@b2 Bxb2+ 60. Kxb2 P@a3+ 61. Kc1 
{LSS forfeits on time} 1-0

[Event "fics rated crazyhouse match"]
[Site "fics, Oklahoma City, OK USA"]
[Date "2000.09.26"]
[White "LSS"]
[WhiteElo "2373"]
[Black "Sunsetter"]
[BlackElo "2330"]
[TimeControl "180+0"]
[Result "0-1"]

1. e4 e5 2. Nf3 Nc6 3. Bc4 Bc5 4. O-O Nf6 5. d3 d6 6. Nc3 
Bg4 7. Bxf7+ Kxf7 8. Ng5+ Ke8 9. Qxg4 Nxg4 10. B@h5+ B@g6 11. Bxg4 Qf6 
12. P@f5 Q@h4 13. Bf3 h6 14. Nh3 Nd4 15. N@e1 Nxf5 16. exf5 Bxf5 17. N@h5 
Qe7 18. Be3 Bxe3 19. fxe3 Bxh3 20. gxh3 Qeg5+ 21. B@g2 P@c6 22. B@g3 Qxe3+ 
23. Kh1 Qhg5 24. Bxc6+ bxc6 25. Bxc6+ B@d7 26. Bxa8 Qxh5 27. P@f7+ Qxf7 28. Rxf7 
Kxf7 29. R@f3+ Qxf3+ 30. Bxf3 R@f1+ 31. Q@g1 Rxg1+ 32. Kxg1 B@d4+ 33. P@f2 P@f4 
34. Bh5+ P@g6 35. Bxg6+ Kxg6 36. P@h5+ Kh7 37. Q@g6+ Kg8 38. R@d8+ N@f8 39. Bxf4 
Bxf2+ 40. Kxf2 B@h4+ 41. B@g3 Q@c5+ 42. Be3 R@d2+ 43. Ne2 N@h1+ 44. Kg1 Qxe3+ 
45. Kxh1 B@d5+ 46. P@e4 Bxd8 47. exd5 Nxg6 48. hxg6 R@g1# 
{LSS forfeits on time} 0-1

[Event "fics rated crazyhouse match"]
[Site "fics, Oklahoma City, OK USA"]
[Date "2000.09.26"]
[White "Sunsetter"]
[WhiteElo "2339"]
[Black "LSS"]
[BlackElo "2364"]
[TimeControl "180+0"]
[Result "0-1"]

1. d4 e6 2. Nc3 d5 3. Nh3 Nf6 4. Bg5 Be7 5. Bxf6 Bxf6 6. N@h5 
Rg8 7. Nxf6+ gxf6 8. e4 B@b4 9. B@d3 dxe4 10. Bxe4 f5 11. Bf3 P@g4 
12. Bxb7 Bxb7 13. Nf4 N@e4 14. Bb5+ c6 15. Bc4 Nxc3 16. bxc3 Bxc3+ 17. P@d2 
Bxd4 18. N@e3 P@d5 19. Rb1 B@b6 20. Rxb6 axb6 21. Bb3 N@e4 22. B@h5 Bxe3 
23. dxe3 P@d2+ 24. Qxd2 Nxd2 25. Bxf7+ Kxf7 26. B@h5+ B@g6 27. Bxg6+ Rxg6 28. Nxg6 
hxg6 29. R@h7+ B@g7 30. Rxg7+ Kxg7 31. B@d4+ R@f6 32. P@h6+ Kxh6 33. P@g5+ Kh7 
34. Bxf6 N@f3+ 35. Ke2 N@g1+ 36. Rxg1 Nxg1+ 37. Kxd2 R@e2+ 38. Kc3 Qxf6+ 39. gxf6 
B@a1+ 40. B@b2 P@b4+ 41. Kxb4 Q@c5# 
{Sunsetter checkmated} 0-1

[Event "fics rated crazyhouse match"]
[Site "fics, Oklahoma City, OK USA"]
[Date "2000.09.26"]
[White "LSS"]
[WhiteElo "2371"]
[Black "Sunsetter"]
[BlackElo "2332"]
[TimeControl "180+0"]
[Result "1-0"]

1. e4 e6 2. d4 d5 3. exd5 exd5 4. Bb5+ Bd7 5. Qe2+ Qe7 6. Bxd7+ 
Nxd7 7. Nc3 B@c4 8. P@d3 Qxe2+ 9. Ngxe2 Bxd3 10. cxd3 P@c6 11. O-O P@b4 
12. Nd1 Bd6 13. B@g3 Q@e7 14. Ne3 Ndf6 15. B@e5 Bxe5 16. dxe5 Nh5 17. Nf5 
Nxg3 18. Nxg7+ Kd8 19. Nxg3 B@d7 20. B@g5 f6 21. exf6 Nxf6 22. Bxf6 Qxf6 
23. Bg5 B@e7 24. Bxf6 Bxf6 25. N@e6+ Kc8 26. Q@d6 B@e5 27. Qxd7+ Kxd7 28. Nc5+ 
Kc8 29. P@d7+ Kb8 30. Q@c8+ Rxc8 31. dxc8=Q+ Kxc8 32. P@d7+ Kb8 33. R@c8# 
{Sunsetter checkmated} 1-0

[Event "fics rated crazyhouse match"]
[Site "fics, Oklahoma City, OK USA"]
[Date "2000.09.26"]
[White "Sunsetter"]
[WhiteElo "2325"]
[Black "LSS"]
[BlackElo "2378"]
[TimeControl "180+0"]
[Result "0-1"]

1. e4 e6 2. d4 d5 3. e5 c5 4. dxc5 Bxc5 5. P@d4 Bf8 6. Be3 
Bd7 7. Nc3 Ne7 8. Bg5 Qb6 9. Rb1 Nf5 10. g4 Ne7 11. Bxe7 Bxe7 
12. N@h5 Bf8 13. Nf3 Nc6 14. Nb5 a6 15. Nd6+ Bxd6 16. Nxg7+ Kd8 17. exd6 
B@b4+ 18. B@c3 Bxd6 19. Ng5 Rf8 20. P@c5 Bxc5 21. dxc5 Qxc5 22. Nxh7 P@e4 
23. Nxf8 N@f3+ 24. Qxf3 exf3 25. B@f6+ P@e7 26. R@e8+ Bxe8 27. Ngxe6+ fxe6 28. Nxe6+ 
Kc8 29. Nxc5 N@g2+ 30. Kd2 P@e3+ 31. Kc1 P@d2+ 32. Bxd2 exd2+ 33. Kxd2 B@b4+ 
34. N@c3 Bxc5 35. Q@f5+ R@d7 36. P@e6 Q@e3+ 37. fxe3 Bxe3+ 38. Kd1 N@f2# 
{Sunsetter checkmated} 0-1

[Event "fics rated crazyhouse match"]
[Site "fics, Oklahoma City, OK USA"]
[Date "2000.09.26"]
[White "Sunsetter"]
[WhiteElo "2312"]
[Black "LSS"]
[BlackElo "2391"]
[TimeControl "180+0"]
[Result "1-0"]

1. e4 e6 2. Nc3 d5 3. Nf3 d4 4. Ne2 Nc6 5. Ng3 e5 6. Bb5 
Bd6 7. Nh5 Kf8 8. Bxc6 bxc6 9. Nxg7 Nf6 10. Nf5 Bxf5 11. exf5 Rg8 
12. B@h6+ Ke8 13. N@b7 Qb8 14. Nxd6+ cxd6 15. B@h4 B@d8 16. P@e6 fxe6 17. fxe6 
P@f7 18. exf7+ Kxf7 19. Ng5+ Rxg5 20. B6xg5 P@g7 21. P@e6+ Kxe6 22. Bxf6 Bxf6 
23. Bxf6 gxf6 24. R@g7 P@f7 25. Qg4+ B@f5 26. Qxf5+ Kd5 27. B@f3+ Kc5 28. Rxf7 
N@b4 29. N@d7+ Kb5 30. Nxb8 Rxb8 31. B@e2+ Ka5 32. Bxc6 N@c5 33. Rxa7+ B@a6 
34. Bxa6 Nbxa6 35. B@c7+ B@b6 36. Q@b5# 
{LSS checkmated} 1-0

[Event "fics rated crazyhouse match"]
[Site "fics, Oklahoma City, OK USA"]
[Date "2000.09.26"]
[White "Sunsetter"]
[WhiteElo "2315"]
[Black "LSS"]
[BlackElo "2388"]
[TimeControl "180+0"]
[Result "0-1"]

1. e4 e6 2. Nf3 d5 3. exd5 exd5 4. d4 Nf6 5. Qe2+ Be7 6. Ng5 
O-O 7. Nc3 Nc6 8. Be3 Bb4 9. Rb1 Bg4 10. Qd2 Bxc3 11. Qxc3 N@e4 
12. Nxe4 Nxe4 13. Qd3 P@c4 14. Qa3 N@f5 15. N@f3 Bxf3 16. gxf3 Nfxd4 17. B@d1 
P@b4 18. Qa4 b5 19. Qa6 N@c5 20. Qxc6 Nxc6 21. fxe4 Nxe4 22. N@f3 d4 
23. N@g5 dxe3 24. Nxe4 exf2+ 25. Kxf2 P@e3+ 26. Kg2 P@h3+ 27. Kxh3 B@f5+ 28. Kg2 
Bxe4 29. B@e1 N@h4+ 30. Bxh4 Qxh4 31. N@h6+ gxh6 32. N@f6+ Qxf6 33. P@f2 Bxf3+ 
34. Bxf3 N@h4+ 35. Kh3 Qxf3+ 36. Kxh4 Q@g4# 
{Sunsetter checkmated} 0-1

[Event "fics rated crazyhouse match"]
[Site "fics, Oklahoma City, OK USA"]
[Date "2000.09.26"]
[White "LSS"]
[WhiteElo "2398"]
[Black "Tecumseh"]
[BlackElo "2287"]
[TimeControl "180+0"]
[Result "0-1"]

1. e4 Nc6 2. d4 Nf6 3. e5 Ne4 4. f3 d5 5. fxe4 dxe4 6. Bb5 
e6 7. Nh3 Qh4+ 8. N@f2 Bb4+ 9. c3 Be7 10. O-O Bd7 11. g3 Qxh3 
12. Nxh3 Nxe5 13. Bxd7+ Nxd7 14. B@g2 B@d3 15. Q@g4 P@e2 16. Qgxe2 Bxe2 17. Qxe2 
P@f5 18. B@a4 N@b6 19. Bxd7+ Nxd7 20. N@h5 Rg8 21. N3f4 B@g4 22. Qb5 Rb8 
23. Na3 a6 24. Qb3 g5 25. Nxe6 Bxh5 26. Nxc7+ Kd8 27. Nd5 N@e2+ 28. Kh1 
Rc8 29. Be3 Q@d6 30. Nxe7 Qxe7 31. B@a5+ Ke8 32. P@e5 f4 33. P@f6 Nxf6 
34. exf6 Qxf6 35. N@c7+ Rxc7 36. Bxc7 f3 37. R@c8+ N@d8 38. Rxd8+ Qxd8 39. Bxd8 
fxg2+ 40. Kxg2 P@f3+ 41. Kf2 N@d3# 
{LSS checkmated} 0-1

[Event "fics rated crazyhouse match"]
[Site "fics, Oklahoma City, OK USA"]
[Date "2000.09.26"]
[White "Tecumseh"]
[WhiteElo "2297"]
[Black "LSS"]
[BlackElo "2388"]
[TimeControl "180+0"]
[Result "0-1"]

1. e4 e6 2. d4 d5 3. e5 c5 4. c3 Bd7 5. Nf3 cxd4 6. cxd4 
Ne7 7. P@d6 Nf5 8. Bg5 Qb6 9. Qd2 Nc6 10. g4 Nfxd4 11. Nxd4 Nxd4 
12. N@c7+ Qxc7 13. dxc7 N@f3+ 14. Kd1 Nxg5 15. Q@b8+ B@c8 16. Qxa8 Be7 17. Qxd4 
O-O 18. N@h5 P@f3 19. Qxc8 Rxc8 20. B@f6 Rxc7 21. Nc3 P@e2+ 22. Kc2 Q@g6+ 
23. R@d3 exf1=Q 24. Bxg7 Qfxd3+ 25. Qxd3 N@b4+ 26. Kb3 B@c2+ 27. Ka3 Nxd3+ 28. P@d6 
Q@b4# 
{Tecumseh checkmated} 0-1

[Event "fics rated crazyhouse match"]
[Site "fics, Oklahoma City, OK USA"]
[Date "2000.09.26"]
[White "LSS"]
[WhiteElo "2394"]
[Black "Tecumseh"]
[BlackElo "2291"]
[TimeControl "180+0"]
[Result "1-0"]

1. e4 Nc6 2. Nf3 Nf6 3. Nc3 b6 4. Bb5 Bb7 5. O-O e6 6. d4 
d5 7. exd5 exd5 8. P@a6 Bxa6 9. Bxa6 Be7 10. Bb7 P@d7 11. Bxc6 dxc6 
12. Ne5 B@d7 13. Nxf7 Kxf7 14. N@e5+ Kf8 15. P@h6 Rg8 16. hxg7+ Rxg7 17. B@h6 
N@e8 18. P@f7 Nd6 19. Bxg7+ Kxg7 20. R@g3+ P@g6 21. Nxd5 cxd5 22. Rxg6+ hxg6 
23. P@h6+ Kh7 24. P@g7 B@e4 25. f3 Bef5 26. Qe1 P@g5 27. Bxg5 R@h5 28. P@h4 
Nfe4 29. fxe4 Bxg5 30. exf5 B@e3+ 31. Kh1 Rxh4 32. fxg6+ Kxh6 33. N@g8+ Kh5 
34. Qxh4+ Bxh4 35. R@h7+ P@h6 36. Nxh6 Bxh6 37. Rxh6# 
{Tecumseh resigns} 1-0

[Event "fics rated crazyhouse match"]
[Site "fics, Oklahoma City, OK USA"]
[Date "2000.09.26"]
[White "LSS"]
[WhiteElo "2414"]
[Black "ACC"]
[BlackElo "2203"]
[TimeControl "120+0"]
[Result "1-0"]

1. e4 e6 2. d4 d5 3. exd5 exd5 4. Bb5+ P@c6 5. Qe2+ Qe7 6. Nc3 
Nf6 7. P@e5 cxb5 8. exf6 Qxe2+ 9. Ngxe2 gxf6 10. Nxd5 Q@e6 11. Nxc7+ Kd8 
12. Nxe6+ Bxe6 13. Q@f3 B@c6 14. Qxf6+ P@e7 15. Qxh8 Nd7 16. Bf4 N@d5 17. P@g7 
Nxf4 18. gxf8=Q+ Nxf8 19. Qxf8+ B@e8 20. Nxf4 Kc7 21. P@c5 Rd8 22. Qxe7+ P@d7 
23. Q@d6# 
{ACC resigns} 1-0

[Event "fics rated crazyhouse match"]
[Site "fics, Oklahoma City, OK USA"]
[Date "2000.09.26"]
[White "ACC"]
[WhiteElo "2199"]
[Black "LSS"]
[BlackElo "2418"]
[TimeControl "120+0"]
[Result "0-1"]

1. Nf3 e6 2. d4 d5 3. Nc3 Nf6 4. Bg5 Be7 5. e3 Ne4 6. Bxe7 
Qxe7 7. Nxe4 dxe4 8. B@h4 f6 9. Ne5 O-O 10. Be2 Nc6 11. Nxc6 bxc6 
12. O-O N@f5 13. Bg3 N@g5 14. Bg4 Nh6 15. N@c5 f5 16. Bh5 B@g6 17. Bxg6 
hxg6 18. B@f4 B@f3 19. gxf3 Nxf3+ 20. Kh1 P@h3 21. N@g5 Nxg5 22. f3 exf3 
23. Rxf3 P@g2+ 24. Kg1 Nxf3+ 25. Qxf3 R@h1+ 26. Kf2 N@g4+ 27. Ke2 Rxa1 28. B@e1 
g1=N+ 29. Kf1 Nxf3 30. Ke2 Ng1+ 31. Kd3 Q@e2+ 32. Kc3 Rxa2 33. P@b3 a5 
34. b4 Qxc5+ 35. dxc5 axb4+ 36. Kd4 N@b5# 
{ACC checkmated} 0-1

[Event "fics rated crazyhouse match"]
[Site "fics, Oklahoma City, OK USA"]
[Date "2000.09.27"]
[White "LINDEGREN"]
[WhiteElo "2364"]
[Black "Tecumseh"]
[BlackElo "2291"]
[TimeControl "180+0"]
[Result "1-0"]

1. e4 Nc6 2. Nc3 Nf6 3. d4 e6 4. e5 Nd5 5. Nxd5 exd5 6. Nf3 
d6 7. Be2 Be7 8. N@h5 Rg8 9. Bd3 N@e4 10. h3 Bf5 11. Qe2 Nxf2 
12. Qxf2 P@e4 13. Be2 exf3 14. Bxf3 Bg6 15. Nxg7+ Rxg7 16. P@f6 Bxf6 17. exf6 
Qxf6 18. B@g5 Qe6+ 19. Bce3 Nxd4 20. N@f6+ Kf8 21. O-O Nxf3+ 22. gxf3 Qxh3 
23. P@e7+ Kxe7 24. Nxd5+ Kd7 25. N@f6+ Kc6 26. Ne7+ Kb5 27. a4+ Ka6 28. P@b5+ 
Ka5 29. Bd2+ P@b4 30. Bxb4+ Kxb4 31. Bd2+ Kc4 32. P@b3# 
{Tecumseh checkmated} 1-0

[Event "fics rated crazyhouse match"]
[Site "fics, Oklahoma City, OK USA"]
[Date "2000.09.27"]
[White "Tecumseh"]
[WhiteElo "2285"]
[Black "LINDEGREN"]
[BlackElo "2370"]
[TimeControl "180+0"]
[Result "0-1"]

1. e4 Nf6 2. e5 Nd5 3. Nc3 e6 4. Nf3 d6 5. d4 Nc6 6. Bd3 
Ndb4 7. Bb5 Bd7 8. a3 Nd5 9. Nxd5 exd5 10. Qe2 N@e4 11. N@h5 Rg8 
12. Bxc6 bxc6 13. N@f6+ gxf6 14. Nxf6+ Nxf6 15. exf6+ B@e4 16. Bg5 N@f5 17. P@e7 
Nxe7 18. fxe7 Bxe7 19. N@b7 Bxg5 20. Nxd8 Bxd8 21. N@g5 N@f4 22. Nxe4 Nxe2 
23. Ned2 Nf4 24. Q@e3+ P@e5 25. dxe5 Nxg2+ 26. Kd1 Nxe3+ 27. fxe3 B@e4 28. N@f6+ 
Bxf6 29. exf6 Bxc2+ 30. Ke1 N@d3+ 31. Ke2 Q@f2# 
{Tecumseh checkmated} 0-1

[Event "fics rated crazyhouse match"]
[Site "fics, Oklahoma City, OK USA"]
[Date "2000.09.27"]
[White "LINDEGREN"]
[WhiteElo "2376"]
[Black "Tecumseh"]
[BlackElo "2279"]
[TimeControl "180+0"]
[Result "0-1"]

1. e4 Nc6 2. Nc3 Nf6 3. d4 e5 4. dxe5 Nxe5 5. Nf3 Nxf3+ 6. gxf3 
Bb4 7. Rg1 P@g6 8. Bc4 N@d6 9. Bb3 Qe7 10. N@d5 Nxd5 11. Bxd5 N@d4 
12. Be3 N4b5 13. P@d2 Bxc3 14. dxc3 N@a4 15. Rb1 Nbxc3 16. bxc3 Nxc3 17. Qc1 
Nxd5 18. exd5 P@d4 19. B@g5 dxe3 20. fxe3 B@h4+ 21. Bxh4 Qxh4+ 22. B@g3 Qh5 
23. P@g4 Qxd5 24. N@d4 B@c3+ 25. Kf1 Bxd4 26. Qe1 B@h3+ 27. N@g2 Qxf3+ 28. N@f2 
Bxe3 29. Bxd6 P@e2+ 30. Qxe2 Qxe2+ 31. Kxe2 Q@d2+ 32. Kf3 N@g5+ 33. Kg3 Qxf2# 
{LINDEGREN checkmated} 0-1

[Event "fics rated crazyhouse match"]
[Site "fics, Oklahoma City, OK USA"]
[Date "2000.09.27"]
[White "Tecumseh"]
[WhiteElo "2289"]
[Black "LINDEGREN"]
[BlackElo "2366"]
[TimeControl "180+0"]
[Result "0-1"]

1. d4 Nf6 2. Nf3 Nc6 3. Nc3 d5 4. Ne5 e6 5. e3 Bd7 6. Nxd7 
Nxd7 7. B@a4 Rb8 8. Bfb5 N@a5 9. Bd2 Bb4 10. Ne2 Bxd2+ 11. Qxd2 O-O 
12. Qxa5 Nxa5 13. Bxd7 c6 14. N@e5 B@b4+ 15. B@c3 Bxc3+ 16. Nxc3 B@d6 17. N@f3 
Nc4 18. Nxc4 dxc4 19. N@e5 b5 20. Nxc6 Qxd7 21. Nxb8 Rxb8 22. Nxb5 Rxb5 
23. Bxb5 Qxb5 24. R@d8+ B@f8 25. R@c8 B@e7 26. Re8 N@c7 27. Rxc7 Bxc7 28. P@b7 
Qxe8 29. P@d7 Qxd7 30. N@e5 Bxe5 31. Nxe5 Q@a5+ 32. B@c3 Qxe5 33. dxe5 P@d2+ 
34. Bxd2 Qxd2+ 35. Kxd2 N@e4+ 36. Ke2 R@d2+ 37. Kf3 N@g5+ 38. Kg4 Nxf2+ 39. Kf4 
N@g6+ 40. Kg3 B@h4# 
{Tecumseh checkmated} 0-1

[Event "fics rated crazyhouse match"]
[Site "fics, Oklahoma City, OK USA"]
[Date "2000.09.27"]
[White "LINDEGREN"]
[WhiteElo "2372"]
[Black "Tecumseh"]
[BlackElo "2283"]
[TimeControl "180+0"]
[Result "1-0"]

1. e4 Nc6 2. Nc3 Nf6 3. d4 d5 4. exd5 Nxd5 5. Nf3 Bg4 6. Be2 
e6 7. h3 Bh5 8. O-O Nxc3 9. bxc3 N@d5 10. Bd2 Be7 11. N@g3 Bg6 
12. P@h5 Bf5 13. Nxf5 exf5 14. B@a4 O-O 15. Bxc6 bxc6 16. Ne5 B@e8 17. h6 
gxh6 18. Bxh6 P@g7 19. Bxg7 Kxg7 20. N@h5+ Kh6 21. Qd2+ P@g5 22. h4 N@e4 
23. hxg5+ Bxg5 24. Qxg5+ Kxg5 25. P@g3 P@f6 26. P@h4# 
{Tecumseh resigns} 1-0

[Event "fics rated crazyhouse match"]
[Site "fics, Oklahoma City, OK USA"]
[Date "2000.09.27"]
[White "PureBugger"]
[WhiteElo "2430"]
[Black "LINDEGREN"]
[BlackElo "2378"]
[TimeControl "180+0"]
[Result "1-0"]

1. e4 Nf6 2. e5 Nd5 3. Nc3 e6 4. d4 d6 5. exd6 Bxd6 6. Bd3 
Nc6 7. Nf3 Ndb4 8. Bg5 P@f6 9. Bh4 Nxd3+ 10. Qxd3 B@g6 11. Qe2 O-O 
12. P@e5 Be7 13. exf6 Bxf6 14. Bxf6 Qxf6 15. P@e5 Qe7 16. B@h4 f6 17. exf6 
gxf6 18. d5 P@g7 19. dxe6 Bxe6 20. P@d5 Bxd5 21. Nxd5 Qxe2+ 22. Kxe2 B@c4+ 
23. B@d3 Bgxd3+ 24. cxd3 Q@c2+ 25. Kf1 Qxd3+ 26. Kg1 Qxd5 27. N@f4 Qd7 28. B@b3 
B@f7 29. Bxc4 Bxc4 30. B@b3 Bxb3 31. axb3 P@f7 32. B@h3 P@g4 33. P@e6 fxe6 
34. Bxg4 P@f5 35. Bxf5 exf5 36. P@e6 Qe7 37. P@f7+ Kh8 38. Q@d5 P@g6 39. Bxf6 
Qxf6 40. P@e5 Nxe5 41. Qxe5 Qxe5 42. Nxe5 Q@g5 43. Nh3 Qf6 44. N@d7 Qxe5 
45. Nxe5 N@e2+ 46. Kf1 B@b5 47. Q@g8+ Rxg8 48. fxg8=Q+ Kxg8 49. R@h8+ Kxh8 50. Nf7+ 
Kg8 51. Q@h8# 
{LINDEGREN checkmated} 1-0

[Event "fics rated crazyhouse match"]
[Site "fics, Oklahoma City, OK USA"]
[Date "2000.09.27"]
[White "Tecumseh"]
[WhiteElo "2277"]
[Black "PureBugger"]
[BlackElo "2440"]
[TimeControl "180+0"]
[Result "1-0"]

1. e4 e6 2. d4 Nc6 3. Nc3 Bb4 4. Be3 Nf6 5. Bd3 d5 6. e5 
Ne4 7. Ne2 Bxc3+ 8. bxc3 N@b2 9. Qb1 Nxd3+ 10. cxd3 Nxc3 11. Nxc3 B@b4 
12. B@d2 P@f4 13. Bxf4 Nxd4 14. N@h5 Rg8 15. N@f6+ gxf6 16. Nxf6+ Qxf6 17. exf6 
N@c2+ 18. Kf1 N@f5 19. Bxc7 Bd7 20. P@e7 Nc6 21. P@g7 Ncxe7 22. fxe7 Bc5 
23. Q@f8# 
{PureBugger resigns} 1-0

[Event "fics rated crazyhouse match"]
[Site "fics, Oklahoma City, OK USA"]
[Date "2000.09.27"]
[White "LINDEGREN"]
[WhiteElo "2371"]
[Black "Tecumseh"]
[BlackElo "2288"]
[TimeControl "180+0"]
[Result "0-1"]

1. e4 Nc6 2. Nc3 Nf6 3. d4 e5 4. dxe5 Nxe5 5. Nf3 Nxf3+ 6. gxf3 
d6 7. Rg1 P@g6 8. Bg5 Be7 9. P@h6 Rg8 10. hxg7 Rxg7 11. Bxf6 Bxf6 
12. N@d5 B@d4 13. P@e3 Bxc3+ 14. bxc3 N@b2 15. Qc1 N@c4 16. Bxc4 Nxc4 17. B@b5+ 
P@c6 18. Nxf6+ Qxf6 19. B@d4 B@d2+ 20. Qxd2 Nxd2 21. Be2 Nxf3+ 22. Bxf3 Qxf3 
23. N@f6+ Kd8 24. B@d1 P@d2+ 25. Kxd2 Qxf2+ 26. N@e2 N@c4+ 27. Kd3 B@b5 28. P@e7+ 
Kxe7 29. N@d5+ Kf8 30. Nd7+ Kg8 31. Bxg7 Q@d2# 
{LINDEGREN checkmated} 0-1

[Event "fics rated crazyhouse match"]
[Site "fics, Oklahoma City, OK USA"]
[Date "2000.09.27"]
[White "Tecumseh"]
[WhiteElo "2298"]
[Black "LINDEGREN"]
[BlackElo "2361"]
[TimeControl "180+0"]
[Result "0-1"]

1. e4 Nf6 2. e5 Nc6 3. exf6 gxf6 4. d4 d5 5. Nc3 Rg8 6. N@h6 
Bxh6 7. Bxh6 N@f5 8. B@c1 Ncxd4 9. Nf3 Nxf3+ 10. Qxf3 P@e4 11. Qd1 Nxh6 
12. Bxh6 N@f5 13. Qxd5 Qxd5 14. Nxd5 Q@a5+ 15. Q@d2 Qxd2+ 16. Bxd2 Q@d7 17. N@f4 
P@e6 18. Bb5 B@c6 19. Bxc6 bxc6 20. Nc3 B@d4 21. Rd1 Ba6 22. B@e2 Bxe2 
23. Ncxe2 Bxf2+ 24. Kxf2 P@d3 25. Be3 Nxe3 26. Kxe3 B@b6+ 27. P@d4 dxe2 28. Nxe2 
N@f5+ 29. Kf2 B@e3+ 30. Kf1 Bexd4 31. B@h6 P@g5 32. N@b7 Ne3+ 33. Kg1 Nxd1+ 
34. P@f2 R@e1# 
{Tecumseh forfeits on time} 0-1